 Dungeon Crawl Stone Soup version 0.31-a0-435-g2c6fae2916 (webtiles) character file.

Game seed: 9486476006130839485

493 cforsyth the Charlatan (level 7, -2/52 HPs)
             Began as a Gnoll Artificer on Aug 1, 2023.
             Was an Initiate of Hepliaklqana.
             Slain by a gnoll
             ... wielding a +0 halberd
              (11 damage)
             ... on level 4 of the Dungeon.
             The game lasted 00:06:58 (3647 turns).

cforsyth the Charlatan (Gnoll Artificer)            Turns: 3647, Time: 00:06:59

Health: -2/52      AC: 11    Str: 12    XL:     7   Next: 15%
Magic:  10/10      EV:  7    Int: 12    God:    Hepliaklqana [......]
Gold:   122        SH:  0    Dex: 12    Spells: 10/10 levels left

rFire   . . .        m - +0 dagger (elec)
rCold   . . .        (no shield)
rNeg    . . .        h - +0 chain mail
rPois   .            (no helmet)
rElec   .            t - +0 cloak
rCorr   .            (no gloves)
SInv    .            (no boots)
Will    .....        (no amulet) Stlth
                     r - ring of flight
HPRegen 0.28/turn    k - ring of wizardry
MPRegen 0.12/turn

%: wizardry (x1)
@: flying
A: fangs 1, strong nose, distributed training
a: Renounce Religion


You were on level 4 of the Dungeon.
You worshipped Hepliaklqana.
Hepliaklqana was noncommittal.
You visited 1 branch of the dungeon, and saw 4 of its levels.

You collected 122 gold pieces.

Inventory:

Hand Weapons
 a - a +0 club
 m - a +0 dagger of electrocution (weapon)
Armour
 b - a +0 leather armour
 h - a +0 chain mail (worn)
 t - a +0 cloak (worn)
Jewellery
 k - a ring of wizardry (right hand)
 r - a ring of flight (left hand)
Wands
 c - a wand of flame (12) (quivered)
 d - a wand of charming (15)
 e - a wand of iceblast (5)
Scrolls
 g - 2 scrolls of fear {unknown}
 j - a scroll of enchant armour {unknown}
 o - a scroll of enchant weapon {unknown}
 q - a scroll of noise {unknown}
 s - 2 scrolls of immolation {unknown}
 v - 2 scrolls of teleportation {unknown}
 w - 2 scrolls of identify {unknown}
Potions
 f - 2 potions of brilliance {unknown}
 i - 2 potions of curing {unknown}
 l - 2 potions of invisibility {unknown}
 n - a potion of magic {unknown}
 p - a potion of heal wounds {unknown}
 u - 2 potions of attraction {unknown}


   Skills:
 + Level 3.5 Fighting
 + Level 2.3 Short Blades
 + Level 2.3 Long Blades
 + Level 2.3 Axes
 + Level 2.3 Maces & Flails
 + Level 2.3 Polearms
 + Level 2.3 Staves
 + Level 2.3 Ranged Weapons
 + Level 2.3 Throwing
 + Level 5.2 Armour
 + Level 3.5 Dodging
 + Level 3.3 Stealth
 + Level 2.3 Shields
 + Level 2.3 Unarmed Combat
 + Level 2.3 Spellcasting
 + Level 1.9 Conjurations
 + Level 1.9 Hexes
 + Level 1.9 Summonings
 + Level 1.9 Necromancy
 + Level 1.9 Translocations
 + Level 1.9 Transmutations
 + Level 1.9 Fire Magic
 + Level 1.9 Ice Magic
 + Level 1.9 Air Magic
 + Level 1.9 Earth Magic
 + Level 1.9 Poison Magic
 + Level 2.6 Invocations
 + Level 7.0 Evocations
 + Level 1.9 Shapeshifting


You had 10 spell levels left.
You didn't know any spells.
Your spell library contained the following spells:

 Spells                   Type           Power      Damage    Failure   Level
 Ozocubu's Armour         Ice            6%         N/A       93%         3
 Ozocubu's Refrigeration  Ice            3%         4d8       100%        7


Dungeon Overview and Level Annotations

Branches:
Dungeon (4/15)
 Temple: D:4-7

Altars:
Hepliaklqana
Okawaru
The Shining One


Innate Abilities, Weirdness & Mutations

You have very sharp teeth.
Your uncanny sense of smell can sniff out nearby items.
Your experience applies equally to all skills.


Message History

You hit the gnoll.
The gnoll is moderately wounded.
The gnoll barely misses you.
You hit the gnoll. Lightning courses through the gnoll!
You kill the gnoll!
The gnoll hits you but does no damage. The gnoll hits you with a +0 halberd!
Things that are here:
a +0 flail; a +0 spear You are too injured to fight recklessly!
You are too injured to fight recklessly!
You are too injured to fight recklessly!
You are too injured to fight recklessly!
You are too injured to fight recklessly!
You are too injured to fight recklessly!
The gnoll hits you but does no damage.
You barely miss the gnoll. You bite the gnoll.
The gnoll is lightly wounded.
You hit the gnoll but do no damage.
The gnoll is lightly wounded.
The gnoll hits you with a +0 halberd.
You are too injured to fight recklessly!
You are too injured to fight recklessly!
You are too injured to fight recklessly!
You are too injured to fight recklessly!
You are too injured to fight recklessly!
You are too injured to fight recklessly!
You are too injured to fight recklessly!
You are too injured to fight recklessly!
You are too injured to fight recklessly!
You are too injured to fight recklessly!
You hit the gnoll.
The gnoll is lightly wounded.
The gnoll hits you with a +0 halberd!
You hit the gnoll but do no damage. Your bite misses the gnoll.
The gnoll is lightly wounded.
The gnoll hits you with a +0 halberd!
* * * LOW HITPOINT WARNING * * *
The gnoll hits you from afar with a +0 halberd!
You die...

........##############
........#.......@)g..#
........#.##########.#
........#.# #....#.#
........#.# #.##.#g#
........#.# #.##.#g#
........#.# #.##.#g#
........#.# #.#..#.#
........#.# #.##.#g#
...g....#.#####.#<.#.#


You could see a gnoll.

Vanquished Creatures
  Sigmund (D:2)
  A phantom (D:4)
  3 orc wizards
  5 adders
  3 gnolls (D:4)
  3 worms
  3 dart slugs
  10 orcs
  7 ball pythons
  An endoplasm (D:3)
  4 giant cockroaches
  7 goblins
  7 hobgoblins
  4 jackals (D:1)
  5 kobolds
  2 quokkas
  3 bats
  4 frilled lizards (D:1)
  9 rats
82 creatures vanquished.

Notes
Turn   | Place    | Note
-------+----------+-------------------------------------------
     0 | D:1      | cforsyth the Gnoll Artificer began the quest for the Orb.
     0 | D:1      | Reached XP level 1. HP: 17/17 MP: 1/1
   108 | D:1      | Reached XP level 2. HP: 6/23 MP: 2/2
   646 | D:2      | Noticed Sigmund
   651 | D:2      | Killed Sigmund
   652 | D:2      | Reached skill level 1 in Short Blades
   652 | D:2      | Reached skill level 1 in Long Blades
   652 | D:2      | Reached skill level 1 in Axes
   652 | D:2      | Reached skill level 1 in Maces & Flails
   652 | D:2      | Reached skill level 1 in Polearms
   652 | D:2      | Reached skill level 1 in Staves
   652 | D:2      | Reached skill level 1 in Ranged Weapons
   652 | D:2      | Reached skill level 1 in Throwing
   652 | D:2      | Reached skill level 1 in Shields
   652 | D:2      | Reached skill level 1 in Unarmed Combat
   652 | D:2      | Reached skill level 1 in Spellcasting
   652 | D:2      | Reached skill level 1 in Conjurations
   652 | D:2      | Reached skill level 1 in Hexes
   652 | D:2      | Reached skill level 1 in Summonings
   652 | D:2      | Reached skill level 1 in Necromancy
   652 | D:2      | Reached skill level 1 in Translocations
   652 | D:2      | Reached skill level 1 in Transmutations
   652 | D:2      | Reached skill level 1 in Fire Magic
   652 | D:2      | Reached skill level 1 in Ice Magic
   652 | D:2      | Reached skill level 1 in Air Magic
   652 | D:2      | Reached skill level 1 in Earth Magic
   652 | D:2      | Reached skill level 1 in Poison Magic
   652 | D:2      | Reached skill level 1 in Invocations
   652 | D:2      | Reached skill level 1 in Shapeshifting
   652 | D:2      | Reached XP level 3. HP: 28/29 MP: 2/5
   652 | D:2      | Reached XP level 4. HP: 34/35 MP: 2/6
   652 | D:2      | Reached XP level 5. HP: 40/41 MP: 2/7
  1580 | D:2      | Reached XP level 6. HP: 40/47 MP: 8/8
  1760 | D:2      | Reached skill level 5 in Armour
  2667 | D:3      | Found a glowing golden altar of the Shining One.
  3063 | D:4      | Found an iron altar of Okawaru.
  3132 | D:4      | Found a hazy altar of Hepliaklqana.
  3319 | D:4      | Became a worshipper of Hepliaklqana the Forgotten
  3630 | D:4      | Reached skill level 7 in Evocations
  3630 | D:4      | Reached XP level 7. HP: 47/52 MP: 10/10
  3647 | D:4      | Slain by a gnoll

Illustrated notes

Levels and vault maps discovered:
D:1:      reono_arrival_mine, layout_basic, minmay_misc_feat_hallway
D:2:      layout_basic, uniq_sigmund
D:3:      layout_basic, tso_oasis_becter
D:4:      layout_basic, general_overflow_altar, lemuel_round_altar,
          minmay_misc_feat_ornament

Skill      XL: |  1  2  3  4  5  6 |
---------------+-------------------+-----
Fighting       | 3 |  3.5
Short Blades   | 1 2 |  2.3
Long Blades    | 1 2 |  2.3
Axes           | 1 2 |  2.3
Maces & Flails | 1 2 |  2.3
Polearms       | 1 2 |  2.3
Staves         | 1 2 |  2.3
Ranged Weapons | 1 2 |  2.3
Throwing       | 1 2 |  2.3
Dodging        | 3 |  3.5
Shields        | 1 2 |  2.3
Unarmed Combat | 1 2 |  2.3
Spellcasting   | 1 2 |  2.3
Conjurations   | 1 |  1.9
Hexes          | 1 |  1.9
Summonings     | 1 |  1.9
Necromancy     | 1 |  1.9
Translocations | 1 |  1.9
Transmutations | 1 |  1.9
Fire Magic     | 1 |  1.9
Ice Magic      | 1 |  1.9
Air Magic      | 1 |  1.9
Earth Magic    | 1 |  1.9
Poison Magic   | 1 |  1.9
Invocations    | 1 2 |  2.6
Shapeshifting  | 1 |  1.9
Stealth        | 3 |  3.3
Armour         | 5 |  5.2
Evocations     | 7 |  7.0

Action                     |  1- 3 |  4- 6 |  7- 9 || total
---------------------------+-------+-------+-------++-------
  Melee: Club              |    68 |       |       ||    68
         Bite              |     7 |    27 |     3 ||    37
         Punch             |     1 |     3 |       ||     4
         Dagger            |     2 |   254 |    14 ||   270
  Evoke: Wand              |     3 |       |       ||     3
   Stab: Sleeping          |     1 |       |       ||     1
 Armour: Leather armour    |    30 |       |       ||    30
         Chain mail        |     2 |   215 |     5 ||   222
  Dodge: Dodged            |    68 |    91 |     4 ||   163

Table legend: (Time is in decaauts)
 A = Elapsed time spent in this place.
 B = Non-inter-level travel time spent in this place.
 C = Inter-level travel time spent in this place.
 D = Time resting spent in this place.
 E = Time spent auto-exploring this place.
 F = Levels seen in this place.
 G = Mean time per level.
                   A        B        C        D        E       F      G
               +--------+--------+--------+--------+--------+-----+--------+
         Total |   3644 |   3443 |    201 |     48 |   2616 |   4 |  911.0 |
       Dungeon |   3644 |   3443 |    201 |     48 |   2616 |   4 |  911.0 |
               +--------+--------+--------+--------+--------+-----+--------+

Top non-repeatable levels by time:
     D:3: 1245 daAuts
     D:2: 1114 daAuts
     D:4: 675 daAuts
     D:1: 608 daAuts
